cohdb
Replays
Latest Replays
All Replays
Popular Replays
Top Player Replays
Match Explorer
How It Works
Community
CoH3 Stats
Reddit
Sign in to upload your games and track your stats! →
Sign in with Steam
Match 41904268
Unlisted
Match 41904268
Overview
Messages
Build Orders
End
Kradschützen Motorcycle Team
Selects Italian Combined Arms Battlegroup
Selects Bersaglieri Squad
Bersaglieri Squad
Bersaglieri Squad
Bersaglieri Squad
Selects Bersaglieri Bolster
Construct Light Support Kompanie
2.5-tonne Medical Truck
Selects Breda Model 30 Light Machine Guns
Panzerjäger Mechanized Group
Construct Mechanized Kompanie
MG34 Team
Construct Panzerarmee Kommand
Panzerjäger Squad
Selects Semovente da 75/18 Assault Gun
Semovente da 75/18 Assault Gun
Panzerjäger Mechanized Group
ConcernedApe
战争之裂血手套
JuanPi_Art
Majovish
0
0
Comments
sign in to comment!
No comments posted yet!